 Dungeon Crawl Stone Soup version 0.19.5 (webtiles) character file.

102 JeffiDaFish the Shield-Bearer (level 4, -4/29 HPs)
             Began as a Gargoyle Fighter on Mar 26, 2017.
             Killed by divine providence
             ... invoked by an orc priest
              (16 damage)
             ... on level 3 of the Dungeon.
             The game lasted 00:03:07 (2148 turns).

JeffiDaFish the Shield-Bearer (Gargoyle Fighter)    Turns: 2148, Time: 00:03:07

Health: -4/29      AC: 15    Str: 19    XL:     4   Next: 78%
Magic:  4/4        EV:  3    Int:  9    God:
Gold:   93         SH:  0    Dex: 10    Spells: 0 memorised, 3 levels left

rFire  . . .     SeeInvis .     a - +0 flail
rCold  . . .     Gourm    .     e - +0 plate armour
rNeg   + . .     Faith    .     c - +0 shield
rPois  ∞         Spirit   .     (no helmet)
rElec  +         Reflect  .     (no cloak)
rCorr  .         Harm     .     (no gloves)
MR     .....                    (no boots)
Stlth  ..........               (no amulet)
                                (no ring)
                                (no ring)

@: confused
A: negative energy resistance 1, electricity resistance, unbreathing,
petrification resistance, rot immunity, AC +3
a: no special abilities


You were on level 3 of the Dungeon.
You were not hungry.

You visited 1 branch of the dungeon, and saw 3 of its levels.

You collected 93 gold pieces.

Inventory:

Hand Weapons
 a - a +0 flail (weapon)
Armour
 c - a +0 shield (worn)
 e - a +0 plate armour (worn)
Scrolls
 b - a scroll of teleportation
 j - a scroll of recharging
 l - a scroll of identify
Potions
 d - a potion of might
 k - a potion of ambrosia
Comestibles
 f - 3 bread rations
 g - a meat ration
 h - 2 fruits
 i - 5 chunks of flesh
 m - a slice of pizza


   Skills:
 + Level 3.7 Fighting
 + Level 2.7 Maces & Flails
 + Level 4.1 Armour
 + Level 0.1 Dodging
 + Level 4.3 Shields


You had 3 spell levels left.
You didn't know any spells.

Dungeon Overview and Level Annotations

Branches:
Dungeon (3/15)

Altars:
Beogh


Innate Abilities, Weirdness & Mutations

You are resistant to torment.
Your stone body is resilient. (AC +3)
You are immune to poison.
You resist negative energy. (rN+)
You are resistant to electric shocks. (rElec)
You can survive without breathing.
You are immune to petrification.
You are immune to rotting.


Message History

The orc hits you but does no damage. Something hits you but does no damage.
The orc priest hits you but does no damage.
The orc hits you but does no damage.
You hit the orc priest but do no damage.
The orc priest is severely wounded.
The orc priest hits you but does no damage.
You hit the orc priest.
The orc priest is almost dead.
The orc priest hits you but does no damage.
You block the orc's attack. You block something's attack.
You closely miss the orc priest.
The orc priest is almost dead.
The orc priest hits you but does no damage.
You block the orc's attack.
You hear some strange, mumbled words.
You are confused.
The orc priest invokes the aid of Beogh against you.
Beogh smites you!
Ouch! That really hurt!
You die...

# #. #≈ #≈≈≈#≈≈..# #.
≈≈≈≈≈≈≈≈#..# ######## #..
≈#≈≈#≈##..# #....... #...
≈≈≈≈≈#...## #.......
#...###≈≈#≈#..... ........
#.....#≈##....# #.......
#......oo@....###########.
#.####>.o{................
#.......########.########+
#####....########.#######..
#..............<#.......+..
#......##'##.############..
#.....# ..# .......< #.....
.8.# #####... #...## $$.#
####...


You could see an orc priest and 2 orcs.

Vanquished Creatures
  4 adders
  An ooze (D:1)
  A worm (D:2)
  4 dart slugs
  3 leopard geckos
  An orc (D:3)
  7 bats
  4 giant cockroaches
  6 goblins
  3 hobgoblins (D:1)
  2 jackals (D:2)
  2 quokkas
  3 frilled lizards
  3 kobolds
  3 rats
47 creatures vanquished.

Notes
Turn   | Place    | Note
-------+----------+-------------------------------------------
     0 | D:1      | JeffiDaFish the Gargoyle Fighter began the quest for the Orb.
     0 | D:1      | Reached XP level 1. HP: 14/14 MP: 1/1
   222 | D:1      | Reached XP level 2. HP: 19/19 MP: 2/2
   706 | D:1      | Reached XP level 3. HP: 23/23 MP: 3/3
  1622 | D:2      | Reached XP level 4. HP: 29/29 MP: 4/4
  2125 | D:3      | Found a roughly hewn altar of Beogh.
  2148 | D:3      | Killed from afar by an orc priest

Skill      XL: |  1  2  3  4 |
---------------+-------------+-----
Shields        | 4 |  4.3
Armour         | 4 |  4.1
Fighting       | |  3.7
Maces & Flails | |  2.7
Dodging        | |  0.1

Action                   |  1- 3 |  4- 6 || total
-------------------------+-------+-------++-------
Melee: Flail             |   121 |    96 ||   217
  Use: Potion            |     4 |     1 ||     5
       Scroll            |     5 |     1 ||     6
  Eat: Chunk             |     2 |     2 ||     4
Armor: Plate armour      |    76 |   142 ||   218
Dodge: Dodged            |    11 |    23 ||    34
Block: Shield            |    59 |    88 ||   147
